[Event "Team 45 45 League T84"]
[Site "Internet Chess Club"]
[Date "2020.04.13"]
[Round "2"]
[White "LuFran"]
[Black "julesraider"]
[Result "1-0"]
[WhiteElo "1702"]
[BlackElo "1641"]
[Opening "Caro-Kann: two knights variation"]
[ECO "B11"]
[Time "19:00:30"]
[TimeControl "2700+45"]

1. e4 c6 2. Nc3 d5 3. Nf3 dxe4 4. Nxe4 Bg4 5. h3 Bxf3 6. Qxf3 e6 7. Bc4 Nd7 8.
d4 Nb6 9. Bb3 Qxd4 10. c3 Qd8 11. Bf4 Nd5 12. O-O-O Qb6 13. Bg3 Ngf6 14. Bxd5
Nxd5 15. Rhe1 Be7 16. c4 O-O 17. cxd5 cxd5 18. Nc3 d4 19. Ne2 Rac8+ 20. Kb1 Bb4
21. Rf1 Bc3 22. b3 Qa5 23. Nxc3 dxc3 24. Rc1 Rfd8 25. Rc2 Rd2 26. Rfc1 Rxc2 27.
Rxc2 f6 28. Qd3 e5 29. f4 exf4 30. Bxf4 Rd8 31. Qxc3 Rd1+ 32. Kb2 Qf5 33. Qc8+
Qxc8 34. Rxc8+ Kf7 35. Rc7+ Ke6 36. Rxg7 Rf1 37. Bb8 b5 38. Bxa7 h5 39. Rh7 Rf5
40. Rb7 Rd5 41. Ka3 f5 42. Kb4 Rd2 43. Rxb5 Rxa2 44. Bd4 Rxg2 45. Re5+ Kd6 46.
Rxf5 h4 47. Rh5 Rd2 48. Bf6 Rd3 49. Rxh4 Ke6 50. Kc4 Rg3 51. Bd4 Kd6 52. b4 Kc6
53. b5+ Kb7 54. b6 Rg8 55. Kb5 Rg5+ 56. Bc5 Rg7 57. Rg4 Rh7 58. h4 Rd7 59. Rd4
Rh7 60. Ra4 Rh5 61. Ra7+ Kb8 62. Kc6 Rh6+ 63. Bd6+ Rxd6+ 64. Kxd6 Kc8 65. h5 Kb8
66. h6 Kc8 67. h7 Kb8 68. h8=Q# {Black checkmated} 1-0

[Event "Team 45 45 League T84"]
[Site "Internet Chess Club"]
[Date "2020.04.11"]
[Round "2"]
[White "andrew37"]
[Black "VictorRed"]
[Result "1/2-1/2"]
[WhiteElo "1621"]
[BlackElo "1584"]
[Opening "Queen's bishop game"]
[ECO "D02"]
[Time "20:01:36"]
[TimeControl "2700+45"]

1. Nf3 d5 2. d4 Nf6 3. Bf4 Nc6 4. e3 Nh5 5. c4 Nxf4 6. exf4 Bg4 7. Be2 e6 8.
cxd5 Qxd5 9. Nc3 Bb4 10. O-O Qd8 11. a3 Ba5 12. b4 Bb6 13. d5 exd5 14. Nxd5 O-O
15. Qd3 Qd6 16. Ng5 Qg6 17. Qxg6 fxg6 18. Bxg4 h6 19. Nxb6 cxb6 20. Ne6 Rf6 21.
Rfe1 Re8 22. Nc7 Rxe1+ 23. Rxe1 Rxf4 24. Re8+ Kh7 25. Be6 h5 26. f3 Rd4 27. Bg8+
Kh6 28. Nb5 Rd1+ 29. Kf2 a6 30. Nc3 Rd3 31. Re3 Rd2+ 32. Kg3 Nd4 33. Be6 Nc2 34.
Ne4 Rxg2+ 35. Kxg2 Nxe3+ 36. Kf2 Nc2 37. Bd5 Nxa3 38. Bxb7 a5 39. bxa5 bxa5 40.
h4 Nb5 41. Bc6 Nd4 42. Bd7 Nf5 43. Bxf5 gxf5 44. Nc5 g5 45. hxg5+ Kxg5 46. Kg3
h4+ 47. Kh3 Kf4 48. Kg2 h3+ 49. Kf2 h2 50. Nd3+ Kg5 51. Kg2 a4 52. Kxh2 a3 {Game
drawn by mutual agreement} 1/2-1/2

[Event "Team 45 45 League T84"]
[Site "Internet Chess Club"]
[Date "2020.04.09"]
[Round "2"]
[White "kabindra"]
[Black "rubo"]
[Result "1/2-1/2"]
[WhiteElo "1666"]
[BlackElo "1544"]
[Opening "Caro-Kann: advance variation"]
[ECO "B12"]
[Time "17:01:00"]
[TimeControl "2700+45"]

1. e4 c6 2. d4 d5 3. e5 Bf5 4. Ne2 e6 5. Ng3 Bg6 6. h4 h6 7. h5 Bh7 8. Bd3 Bxd3
9. cxd3 Qb6 10. Be3 Qxb2 11. Nd2 Qa3 12. Qe2 c5 13. dxc5 Bxc5 14. d4 Bb6 15. O-O
Ne7 16. Qg4 Kf8 17. Nb3 Nbc6 18. f4 Kg8 19. Rae1 Qxa2 20. Nc5 Bxc5 21. dxc5 d4
22. Bc1 Qd5 23. Ne4 Kh7 24. Nd6 Raf8 25. Qg3 Rhg8 26. Qd3+ Kh8 27. Ba3 g6 28.
Rf2 gxh5 29. Qh3 Nf5 30. Qxh5 Kh7 31. Nxf7 Rg6 32. Ng5+ Kg7 33. Nf3 Ne3 34. Nh4
Rg4 35. Bc1 Rg3 36. Kh2 Rg4 37. Bxe3 Rxh4+ 38. Qxh4 dxe3 39. Qg3+ Kh7 40. Qxe3
Rg8 41. Qe4+ Kg7 42. Rf3 Kf8 43. Qxd5 exd5 44. Rd1 d4 45. e6 Ke7 46. f5 Rd8 47.
Rb3 b6 48. cxb6 axb6 49. Rxb6 Ne5 50. Rb7+ Kf6 51. Rb5 Ng4+ 52. Kg3 Ne3 53. Rd3
Nxf5+ 54. Kf4 Ne3 55. Re5 Nd5+ 56. Ke4 Nc3+ 57. Rxc3 dxc3 58. Rc5 Rd2 59. Rxc3
Rxg2 60. Kf3 {Game drawn by mutual agreement} 1/2-1/2

[Event "Team 45 45 League T84"]
[Site "Internet Chess Club"]
[Date "2020.04.08"]
[Round "2"]
[White "olivermx"]
[Black "Conjurer"]
[Result "1-0"]
[WhiteElo "1319"]
[BlackElo "1236"]
[Opening "Sicilian: closed"]
[ECO "B24"]
[Time "13:12:17"]
[TimeControl "2700+45"]

1. e4 c5 2. Nc3 Nc6 3. g3 e6 4. Bg2 d6 5. d3 Nf6 6. Bd2 a6 7. h3 Be7 8. Nf3 O-O
9. O-O b5 10. a3 Bb7 11. Ne2 e5 12. Nh4 g6 13. f4 Re8 14. f5 Nh5 15. Nf3 Qb6 16.
Kh2 Bf8 17. Qc1 f6 18. fxg6 hxg6 19. Nh4 g5 20. Nf5 Ne7 21. Bxg5 Nxf5 22. exf5
Bxg2 23. Kxg2 Qb7+ 24. Kh2 fxg5 25. Qxg5+ Ng7 26. f6 Kh8 27. Qh6+ Kg8 28. f7+
Qxf7 29. Rxf7 Kxf7 30. Rf1+ Kg8 31. Qg6 Re6 32. Qg4 Be7 33. Nc3 Rf8 34. Rxf8+
Bxf8 35. Nd5 Kh8 36. Nc7 Rf6 37. Qh4+ Nh5 38. Qxh5+ Bh6 39. Kg2 Kg7 40. Ne8+
{Black resigns} 1-0

[Event "Team 45 45 League T84"]
[Site "Internet Chess Club"]
[Date "2020.04.12"]
[Round "2"]
[White "trombone"]
[Black "Bumun"]
[Result "1/2-1/2"]
[WhiteElo "1767"]
[BlackElo "1619"]
[Opening "Scandinavian defense"]
[ECO "B01"]
[Time "12:22:07"]
[TimeControl "2700+45"]

1. e4 d5 2. exd5 Nf6 3. d4 Bg4 4. Bb5+ Bd7 5. Bxd7+ Qxd7 6. c4 c6 7. dxc6 Nxc6
8. d5 Ne5 9. Qe2 Qf5 10. Be3 Nd3+ 11. Kf1 e6 12. dxe6 fxe6 13. Nc3 Ng4 14. Bd4
Bc5 15. Bxc5 Nxc5 16. Nf3 O-O-O 17. h3 Nf6 18. g3 Rhf8 19. Kg2 Nd3 20. Ne1 Nc5
21. Rf1 Nfe4 22. Nxe4 Qxe4+ 23. Qxe4 Nxe4 24. Nf3 Nd2 25. Nxd2 Rxd2 26. b3 Rb2
27. g4 e5 28. Rae1 Re8 29. Ra1 Rf8 30. Kg3 e4 31. f3 e3 32. Rfe1 Re8 33. f4 e2
34. Kf3 Kd7 35. f5 Kd6 36. Kf2 Kc5 37. Rac1 Rxa2 38. Rc3 Kb4 39. Rf3 Rb2 40. g5
Rxb3 41. Rxb3+ Kxb3 42. Rxe2 Rf8 43. Kg3 Rxf5 44. Re7 Rxg5+ 45. Kf4 Rh5 {Game
drawn by mutual agreement} 1/2-1/2

[Event "Team 45 45 League T84"]
[Site "Internet Chess Club"]
[Date "2020.04.12"]
[Round "2"]
[White "liujf"]
[Black "WillC"]
[Result "1-0"]
[WhiteElo "1610"]
[BlackElo "1527"]
[Opening "Queen's pawn, Mason variation"]
[ECO "D00"]
[Time "13:31:11"]
[TimeControl "2700+45"]

1. d4 d5 2. Bf4 Nf6 3. e3 b6 4. Nd2 Bb7 5. c3 e6 6. Bd3 Nbd7 7. Ngf3 Be7 8. h4
c5 9. Qe2 Ne4 10. O-O-O Rc8 11. Kb1 Ndf6 12. Ne5 O-O 13. f3 Nxd2+ 14. Qxd2 cxd4
15. exd4 Nh5 16. Be3 Ng3 17. Rh3 Nf5 18. Bf2 a6 19. Qc2 g6 20. h5 Bf6 21. hxg6
fxg6 22. g4 Ne7 23. Rdh1 Bxe5 24. dxe5 Kf7 25. Rxh7+ Ke8 26. Bxg6+ Kd7 27. Bh4
Rxf3 28. Rxe7+ Qxe7 29. Bxe7 Kxe7 30. Rh7+ Kd8 31. Qa4 Rf1+ 32. Kc2 Bc6 33. Qb4
Rf2+ 34. Kb3 Bd7 35. Rxd7+ {Black resigns} 1-0

[Event "Team 45 45 League T84"]
[Site "Internet Chess Club"]
[Date "2020.04.09"]
[Round "2"]
[White "cap78red"]
[Black "chessnutdale"]
[Result "1-0"]
[WhiteElo "1476"]
[BlackElo "1426"]
[Opening "English: symmetrical variation"]
[ECO "A34"]
[Time "10:05:16"]
[TimeControl "2700+45"]

1. c4 c5 2. Nc3 e6 3. e4 Nc6 4. f4 Qh4+ 5. g3 Qd8 6. Bg2 g6 7. Nf3 Nf6 8. O-O
Bg7 9. e5 Ng8 10. Ne4 Bf8 11. d4 d5 12. cxd5 exd5 13. Nxc5 b6 14. Nb3 Bg4 15. h3
Bf5 16. Nh4 Bc8 17. f5 g5 18. e6 gxh4 19. exf7+ Kxf7 20. Qh5+ Ke7 21. f6+ Nxf6
22. Rxf6 Be6 23. Bg5 Qe8 24. Rxe6+ Kxe6 25. Re1+ Kd7 26. Rxe8 Rxe8 27. Qf7+ Ne7
28. Bxd5 Kd8 29. Bc6 Bh6 30. Qd5+ {Black resigns} 1-0

[Event "Team 45 45 League T84"]
[Site "Internet Chess Club"]
[Date "2020.04.10"]
[Round "2"]
[White "DaveTheRook"]
[Black "PJ"]
[Result "1/2-1/2"]
[WhiteElo "1546"]
[BlackElo "1582"]
[Opening "QGD semi-Slav"]
[ECO "D43"]
[Time "14:01:36"]
[TimeControl "2700+45"]

1. d4 d5 2. c4 c6 3. Nf3 Nf6 4. Nc3 e6 5. Bg5 h6 6. Bxf6 Qxf6 7. e3 Bd6 8. Bd3
O-O 9. c5 Bc7 10. a3 Nd7 11. O-O e5 12. dxe5 Nxe5 13. Be2 Nxf3+ 14. Bxf3 Bf5 15.
Qd4 Be5 16. Qd2 Rfe8 17. Rac1 Rad8 18. Rfd1 Be4 19. Bxe4 dxe4 20. Qe2 Rxd1+ 21.
Qxd1 Rd8 22. Qc2 Bxc3 23. bxc3 Rd3 24. g3 Qe5 25. Qb3 Qxc5 26. Qxb7 Rxe3 27.
Qc8+ Kh7 28. fxe3 Qxe3+ 29. Kg2 Qxc1 30. Qf5+ Kg8 31. Qc8+ Kh7 32. Qf5+ Kg8 33.
Qc8+ {Game drawn by mutual agreement} 1/2-1/2

[Event "Team 45 45 League T84"]
[Site "Internet Chess Club"]
[Date "2020.04.11"]
[Round "2"]
[White "Rybo88"]
[Black "pokerram"]
[Result "0-1"]
[WhiteElo "1481"]
[BlackElo "1548"]
[Opening "King's Indian: Sämisch, orthodox variation"]
[ECO "E85"]
[Time "19:30:25"]
[TimeControl "2700+45"]

1. d4 Nf6 2. c4 g6 3. Nc3 Bg7 4. e4 d6 5. f3 O-O 6. Be3 e5 7. Nge2 Nh5 8. Qd2 f5
9. d5 Nf6 10. Bh6 Bxh6 11. Qxh6 fxe4 12. fxe4 Ng4 13. Qd2 Qf6 14. Ng3 Nf2 15.
Rg1 Qf4 16. Qxf4 Rxf4 17. h3 Na6 18. Be2 Nb4 19. Kd2 Bd7 20. a3 Na6 21. Rgf1 Nc5
22. Rab1 Nb3+ 23. Ke3 Raf8 24. Bf3 Nxh3 25. gxh3 Bxh3 26. Rf2 Nd4 27. Nce2 Rxf3+
28. Rxf3 Rxf3+ 29. Kd2 Nxe2 30. Nxe2 Bg4 31. Re1 Rf2 32. Ke3 Rxe2+ 33. Rxe2 Bxe2
34. Kxe2 h5 35. Kf3 g5 36. Kg3 Kg7 37. b4 b6 38. Kh3 Kg6 39. Kg3 g4 40. Kh4 g3
41. Kxg3 Kg5 42. a4 h4+ 43. Kf3 h3 44. a5 h2 45. Kg2 Kf4 {White resigns} 0-1

[Event "Team 45 45 League T84"]
[Site "Internet Chess Club"]
[Date "2020.04.09"]
[Round "2"]
[White "mongmong"]
[Black "RD1974"]
[Result "0-1"]
[WhiteElo "1496"]
[BlackElo "1587"]
[Opening "Queen's pawn game"]
[ECO "D05"]
[Time "19:04:18"]
[TimeControl "2700+45"]

1. d4 Nf6 2. Nf3 e6 3. e3 d5 4. Bd3 Nbd7 5. O-O c5 6. c3 Bd6 7. Nbd2 O-O 8. Qe2
Re8 9. e4 c4 10. Bc2 e5 11. dxe5 Nxe5 12. Nxe5 Bxe5 13. f4 Bd6 14. e5 Bc5+ 15.
Kh1 Ng4 16. Nf3 Qb6 17. h3 Bf2 18. hxg4 Qh6+ {White resigns} 0-1

[Event "Team 45 45 League T84"]
[Site "Internet Chess Club"]
[Date "2020.04.09"]
[Round "2"]
[White "BrerRabbit"]
[Black "Megasus"]
[Result "1-0"]
[WhiteElo "1356"]
[BlackElo "1591"]
[Opening "Queen's pawn game"]
[ECO "A46"]
[Time "19:01:16"]
[TimeControl "2700+45"]

1. d4 Nf6 2. Nf3 d6 3. g3 b6 4. Bg2 Bb7 5. c4 Nbd7 6. Nc3 a6 7. a4 c5 8. d5 Qc7
9. O-O h6 10. e4 e5 11. Qc2 Be7 12. Nh4 g6 13. Qe2 Bc8 14. f4 Nf8 15. f5 g5 16.
Nf3 N8h7 17. Ne1 h5 18. h3 Bd7 19. Nc2 O-O-O 20. Bd2 Rdg8 21. Rfb1 Nf8 22. Ra2
Kd8 23. b4 Bc8 24. Qf2 N8d7 25. Be3 h4 26. g4 Nxg4 27. hxg4 h3 28. Bf1 h2+ 29.
Kh1 Nf6 30. Be2 Rh4 31. Qg3 Nd7 32. Bf3 Rgh8 33. Qg2 f6 34. Be2 Rh3 35. Qf2 R8h4
36. Ne1 Ke8 37. Bf1 Rxg4 38. Bxh3 Rg1+ 39. Kxh2 Rxe1 40. Qxe1 cxb4 41. Rxb4 a5
42. Rbb2 Qxc4 43. Rc2 Nc5 44. Bxc5 dxc5 45. Bf1 Qb4 46. Rab2 Qd4 47. Qf2 {Black
resigns} 1-0

[Event "Team 45 45 League T84"]
[Site "Internet Chess Club"]
[Date "2020.04.11"]
[Round "2"]
[White "Insan996"]
[Black "zugknightly"]
[Result "0-1"]
[WhiteElo "1646"]
[BlackElo "1710"]
[Opening "King's Indian: fianchetto, Panno variation"]
[ECO "E63"]
[Time "20:38:40"]
[TimeControl "2700+45"]

1. d4 Nf6 2. Nf3 g6 3. c4 Bg7 4. Nc3 d6 5. g3 O-O 6. Bg2 Nc6 7. O-O a6 8. b3 Rb8
9. Bb2 b5 10. cxb5 axb5 11. Rc1 Bd7 12. Ng5 Na5 13. e3 h6 14. Nh3 c5 15. dxc5
dxc5 16. Ne2 Qb6 17. Nhf4 Bc6 18. f3 Rfd8 19. Qe1 c4 20. Bd4 Qc7 21. Bc3 Ra8 22.
Nd4 e5 23. Nxc6 Nxc6 24. Nh3 Rxa2 25. bxc4 bxc4 26. Rf2 Rxf2 27. Qxf2 Nd5 28.
Ba1 Ncb4 29. Qe2 Nd3 30. Rd1 Qa7 31. Kh1 Nxe3 32. Rb1 Nxg2 33. Kxg2 Ra8 34. Bc3
Qa2 35. Qxa2 Rxa2+ 36. Kg1 Rc2 37. Ba5 Rc1+ 38. Rxc1 Nxc1 39. Nf2 f5 40. Kf1 Kf7
41. Nd1 Nb3 42. Ne3 Nxa5 {White resigns} 0-1

[Event "Team 45 45 League T84"]
[Site "Internet Chess Club"]
[Date "2020.04.10"]
[Round "2"]
[White "scostanzo212"]
[Black "nidusin2"]
[Result "0-1"]
[WhiteElo "1572"]
[BlackElo "1570"]
[Opening "Old Indian: main line"]
[ECO "A55"]
[Time "21:34:08"]
[TimeControl "2700+45"]

1. d4 d6 2. c4 Nf6 3. Nc3 Nbd7 4. Nf3 e5 5. e4 c6 6. d5 Qc7 7. Be2 Be7 8. O-O
Nc5 9. Qc2 Bg4 10. b4 Ncd7 11. Ne1 Bxe2 12. Qxe2 Rc8 13. Bd2 O-O 14. Nd3 Rfe8
15. Rac1 a6 16. Be3 h6 17. f3 Qd8 18. Qf2 cxd5 19. cxd5 b5 20. a4 Rb8 21. axb5
axb5 22. Ra1 Nb6 23. Nxb5 Nbxd5 24. Na7 Nxe3 25. Qxe3 Qb6 26. Qxb6 Rxb6 27. b5
d5 28. exd5 Nxd5 29. Rfc1 Nf4 30. Nxf4 exf4 31. Kf1 Bf6 32. Rab1 Re5 33. Rc2 Re3
34. Rbc1 Rb3 35. Rc6 Bd4 36. Ke2 Be3 37. R1c2 Rb7 38. Rc7 Rxa7 39. Rxa7 Bxa7 40.
Rc8+ Kh7 41. Ra8 Bb6 42. Rb8 Rxb5 43. Kd3 Rb2 44. h4 Bd4 45. Rxb2 Bxb2 46. Ke4
g5 47. h5 Kg7 48. Kf5 Ba1 49. Kg4 Kf6 50. Kh3 Kf5 51. Kh2 g4 52. Kh1 Kg5 53. Kh2
f5 54. Kh1 Kxh5 55. Kh2 Kh4 56. g3+ fxg3+ 57. Kg2 gxf3+ 58. Kh1 Kh3 59. Kg1 Bd4+
60. Kf1 g2+ {White resigns} 0-1

[Event "Team 45 45 League T84"]
[Site "Internet Chess Club"]
[Date "2020.04.10"]
[Round "2"]
[White "fireball"]
[Black "Kingofknights"]
[Result "1-0"]
[WhiteElo "1486"]
[BlackElo "1550"]
[Opening "Caro-Kann defense"]
[ECO "B10"]
[Time "12:02:10"]
[TimeControl "2700+45"]

1. e4 c6 2. Ne2 d5 3. e5 c5 4. c3 e6 5. d4 Nc6 6. Nd2 cxd4 7. cxd4 Qc7 8. Nb3 b6
9. Nc3 Bb4 10. Bd2 a6 11. a3 Bxc3 12. Bxc3 Nge7 13. Rc1 Qd7 14. Bd3 O-O 15. Bd2
Ng6 16. h4 a5 17. Qc2 Nce7 18. h5 Nxe5 19. Bxh7+ Kh8 20. dxe5 f5 21. exf6 Rxf6
22. Bg5 Rf8 23. h6 g6 24. Bxg6 Nxg6 25. Qxg6 Qf7 26. Qxf7 Rxf7 27. Rc6 Ba6 28.
Rxe6 Rc8 29. Nd4 Kh7 30. Rxb6 Bd3 31. Kd2 Bg6 32. f3 Rc4 33. Be3 a4 34. Rc1 Rcc7
35. Rxc7 Rxc7 36. Rb4 Be8 37. Rb6 Bg6 38. g4 Rf7 39. f4 Be4 40. f5 Rc7 41. g5
Re7 42. g6+ {Black resigns} 1-0

[Event "Team 45 45 League T84"]
[Site "Internet Chess Club"]
[Date "2020.04.08"]
[Round "2"]
[White "tightfist"]
[Black "Kingfisher75"]
[Result "0-1"]
[WhiteElo "1449"]
[BlackElo "1531"]
[Opening "Queen's pawn game"]
[ECO "D04"]
[Time "21:00:54"]
[TimeControl "2700+45"]

1. Nf3 d5 2. d4 Nf6 3. e3 c6 4. g3 Bg4 5. Bg2 Nbd7 6. Nbd2 e5 7. dxe5 Nxe5 8.
O-O Bd6 9. b3 O-O 10. Bb2 Re8 11. Qe1 Qe7 12. Nxe5 Bxe5 13. Bxe5 Qxe5 14. Nf3
Qh5 15. Nd4 Bh3 16. f3 Bxg2 17. Kxg2 Qe5 18. Kf2 a6 19. c3 c5 20. Nc2 Qf5 21.
Rc1 Rad8 22. Kg2 Qe5 23. Qd2 Rd7 24. Rfe1 Red8 25. Qd3 h6 26. b4 Rc8 27. bxc5
Rxc5 28. Qd4 Qc7 29. Na3 Qa5 30. Qb4 Rdc7 31. Qxa5 Rxa5 32. Nc2 Rxa2 33. Kf2
Rxc3 34. Re2 Rb2 35. Ke1 b5 36. Kd1 b4 37. Rd2 b3 38. Nd4 Rxd2+ 39. Kxd2 Rxc1
40. Kxc1 Nd7 41. Nxb3 Kf8 42. Na5 Ke7 43. Kc2 Kd6 44. Kc3 Ne5 45. e4 Nxf3 46.
exd5 Nxh2 47. Kc4 Ng4 48. Kd4 Nf6 49. Nc4+ Kc7 50. Ne5 a5 51. Nc4 a4 52. Na3 h5
53. Kc4 Ne4 54. Nb5+ Kd7 55. Kb4 Nxg3 56. Kxa4 h4 57. Nc3 h3 58. Nd1 h2 59. Nf2
h1=Q 60. Nxh1 Nxh1 61. Kb4 Kd6 62. Kc4 Nf2 63. Kd4 f5 64. Ke3 Ne4 65. Kd4 g5 66.
Kc4 g4 67. Kd4 g3 68. Ke3 Kxd5 69. Kf3 Kd4 70. Kg2 Ke3 71. Kg1 f4 72. Kf1 f3 73.
Kg1 Ke2 74. Kh1 f2 75. Kg2 f1=Q# {White checkmated} 0-1

[Event "Team 45 45 League T84"]
[Site "Internet Chess Club"]
[Date "2020.04.12"]
[Round "2"]
[White "Ajolote"]
[Black "Easy-Win"]
[Result "1-0"]
[WhiteElo "1966"]
[BlackElo "1716"]
[Opening "Caro-Kann: classical, 6.h4"]
[ECO "B18"]
[Time "14:01:16"]
[TimeControl "2700+45"]

1. e4 c6 2. d4 d5 3. Nc3 dxe4 4. Nxe4 Bf5 5. Ng3 Bg6 6. h4 h6 7. Nh3 Nf6 8. Nf4
Bf5 9. Nxf5 Qa5+ 10. c3 Qxf5 11. Bd3 Qd7 12. Qe2 e6 13. Bd2 Be7 14. g4 Nd5 15.
Nh5 g6 16. Qe5 Rh7 17. c4 Nb6 18. O-O-O Na6 19. b3 O-O-O 20. Bc3 Rhh8 21. Nf6
Qd6 22. Qxd6 Bxd6 23. Kb2 Bb4 24. f4 Bxc3+ 25. Kxc3 c5 26. dxc5 Nxc5 27. Bc2
Nbd7 28. Nxd7 Nxd7 29. g5 hxg5 30. hxg5 Nb8 31. Be4 Kc7 32. b4 Rxh1 33. Rxh1 Nc6
34. a4 Nd4 35. Rh2 Nc6 36. b5 Ne7 37. Rh7 Rf8 38. Kd4 b6 39. Ke5 Kd7 40. Kf6 Kd6
41. Rxf7 Ng8+ 42. Kxg6 Rc8 43. Kh7 Ne7 44. Bc6 a6 45. g6 axb5 46. cxb5 Nxg6 47.
Kxg6 Rg8+ 48. Kf6 Rg4 49. Rd7+ Kc5 50. Ke5 Rh4 51. Rd2 Kb4 52. Rd4+ Kc5 53. Re4
Rh6 54. Re2 Kb4 55. Bd7 Kxa4 56. Bxe6 Kxb5 57. f5 Kb4 58. f6 Rh5+ 59. Kd6 Rh4
60. f7 Rf4 61. Ke7 Kc3 62. f8=Q {Black resigns} 1-0

[Event "Team 45 45 League T84"]
[Site "Internet Chess Club"]
[Date "2020.04.12"]
[Round "2"]
[White "Zugzwanged"]
[Black "hipopotamos"]
[Result "1-0"]
[WhiteElo "1705"]
[BlackElo "1646"]
[Opening "Scotch: Potter variation"]
[ECO "C45"]
[Time "14:04:15"]
[TimeControl "2700+45"]

1. e4 e5 2. Nf3 Nc6 3. d4 exd4 4. Nxd4 Bc5 5. Nb3 Bb6 6. Nc3 d6 7. Qe2 Be6 8.
Be3 Bxe3 9. Qxe3 Nge7 10. O-O-O O-O 11. f4 Bxb3 12. axb3 Re8 13. g4 d5 14. exd5
Nxd5 15. Qc5 Qh4 16. Qxd5 Qxg4 17. Qg5 Qe6 18. Bc4 Qe3+ 19. Kb1 Nd4 20. Qg3 Qe4
21. Nxe4 Rxe4 22. Rhe1 Rxe1 23. Rxe1 Nf5 24. Qh3 Nh6 25. Qd7 Rf8 26. Re8 g6 27.
Rxf8+ Kxf8 28. Qxc7 Kg7 29. f5 gxf5 30. Qxb7 f4 31. Qxa7 f3 32. Qg1+ Kf8 33. Qg5
Ng8 34. Qf4 Ke8 35. Qxf7+ Kd8 36. Qxg8+ Kc7 37. Qf7+ Kc6 38. Qd5+ Kb6 39. Qb5+
Kc7 40. Bd5 Kd6 41. Qc6+ Ke5 42. Qe6+ Kf4 43. Qf6+ Ke3 44. Qxf3+ Kd4 45. b4 Ke5
46. Qe4+ Kd6 47. Qe6+ Kc7 48. Qc6+ Kd8 49. Qd6+ Ke8 50. Be6 h5 51. Qd7+ Kf8 52.
Qf7# {Black checkmated} 1-0

[Event "Team 45 45 League T84"]
[Site "Internet Chess Club"]
[Date "2020.04.09"]
[Round "2"]
[White "JPSVI"]
[Black "pishd"]
[Result "0-1"]
[WhiteElo "1715"]
[BlackElo "1833"]
[Opening "Van't Kruijs opening"]
[ECO "A00"]
[Time "12:14:26"]
[TimeControl "2700+45"]

1. e3 d5 2. f4 Nf6 3. Nf3 e6 4. d3 Be7 5. g3 O-O 6. Bg2 c5 7. O-O Nc6 8. Kh1 b6
9. Ne5 Nxe5 10. fxe5 Nd7 11. e4 Bb7 12. c4 dxc4 13. dxc4 Nxe5 14. Qc2 Qd3 15.
Qxd3 Nxd3 16. e5 Bxg2+ 17. Kxg2 Nxe5 18. b3 Bf6 19. Nc3 Ng4 20. Rf3 Ne5 21. Rf1
Nd3 22. Bd2 Nb4 23. Rad1 Bxc3 24. Bxc3 Nxa2 25. Be1 Rfd8 26. Ra1 Nb4 27. Bxb4
cxb4 28. Ra6 Rd2+ 29. Rf2 Rxf2+ 30. Kxf2 Kf8 31. Ke3 Ke7 32. g4 Kd6 33. g5 Kc6
{White resigns} 0-1

[Event "Team 45 45 League T84"]
[Site "Internet Chess Club"]
[Date "2020.04.13"]
[Round "2"]
[White "cayo89"]
[Black "fireball"]
[Result "1/2-1/2"]
[WhiteElo "1592"]
[BlackElo "1491"]
[Opening "French: Schlechter variation"]
[ECO "C01"]
[Time "19:02:27"]
[TimeControl "2700+45"]

1. e4 e6 2. d4 d5 3. Bd3 dxe4 4. Bxe4 Nf6 5. Bf3 c5 6. Ne2 Qb6 7. O-O Nc6 8.
dxc5 Bxc5 9. Nbc3 Be7 10. Be3 Qa6 11. Nf4 Ne5 12. Be2 Qd6 13. Nb5 Qxd1 14. Raxd1
Bd8 15. Nd6+ Kf8 16. Bd4 Nc6 17. Bc3 Bc7 18. Nh5 Nxh5 19. Bxh5 Bxd6 20. Rxd6 Ke7
21. Rfd1 f6 22. Bf3 Rd8 23. Rxd8 Nxd8 24. Bb4+ Ke8 25. h3 Bd7 26. c3 Nc6 27. Bd6
a5 28. a4 g6 29. b3 e5 30. Bd5 Nd8 31. Bc7 Bc6 32. Bg8 h6 33. Bh7 g5 34. Bg6+
Ke7 35. Bd6+ Ke6 36. g4 Bf3 37. Bf5+ Kf7 38. Rd2 Ne6 39. Ba3 Bc6 40. Bxe6+ Kxe6
41. Rd6+ Kf7 42. Kh2 Rc8 43. Kg3 Rc7 44. Rd8 Rd7 45. Rxd7+ Bxd7 46. f3 Bc6 47.
Bc5 b5 48. axb5 Bxb5 49. Bb6 a4 50. bxa4 Bxa4 51. c4 Bc6 52. c5 e4 53. fxe4 Bxe4
54. Bc7 Kg6 55. Bd6 f5 56. gxf5+ Kxf5 57. Bf8 h5 58. Be7 g4 59. hxg4+ hxg4 60.
Bd6 Kg5 61. Be7+ Kf5 62. Bh4 {Game drawn by mutual agreement} 1/2-1/2

[Event "Team 45 45 League T84"]
[Site "Internet Chess Club"]
[Date "2020.04.12"]
[Round "2"]
[White "kidcobra"]
[Black "ivanson"]
[Result "1/2-1/2"]
[WhiteElo "1791"]
[BlackElo "1697"]
[Opening "Two knights defense"]
[ECO "C56"]
[Time "18:09:05"]
[TimeControl "2700+45"]

1. e4 e5 2. Nf3 Nc6 3. d4 exd4 4. Bc4 Nf6 5. O-O Nxe4 6. Re1 d5 7. Bxd5 Qxd5 8.
Nc3 Qh5 9. Nxe4 Be6 10. Bg5 Bd6 11. Nxd6+ cxd6 12. Bf4 Qd5 13. c3 O-O 14. Nxd4
Nxd4 15. Qxd4 Qxd4 16. cxd4 d5 17. Rac1 Rac8 18. Kf1 Rc4 19. Red1 Rfc8 20. b3
Rxc1 21. Rxc1 Rxc1+ 22. Bxc1 Kf8 23. Ke2 Ke7 24. Kd3 Bf5+ 25. Kc3 Kd6 26. b4 b5
27. Kd2 Bb1 28. a3 Ke6 29. Ke3 Kf5 30. f3 h5 31. h3 g6 32. Kf2 Ke6 33. g4 hxg4
34. fxg4 f5 35. g5 Bc2 36. h4 Bd1 37. Bf4 Bg4 38. Ke3 Bd1 39. Kd2 Bg4 40. Kc3
Bd1 41. Be5 a6 42. Kd2 Bg4 43. Ke3 Bd1 44. Kf4 Bh5 45. Bg7 Bd1 46. Bh8 Bh5 47.
Be5 Bd1 48. h5 Bxh5 {Game drawn by mutual agreement} 1/2-1/2

[Event "Team 45 45 League T84"]
[Site "Internet Chess Club"]
[Date "2020.04.10"]
[Round "2"]
[White "carvajales"]
[Black "Bizzy-Ketty"]
[Result "1-0"]
[WhiteElo "1739"]
[BlackElo "1594"]
[Opening "English opening"]
[ECO "A10"]
[Time "15:00:52"]
[TimeControl "2700+45"]

1. c4 b6 2. Nc3 Bb7 3. e4 e6 4. g3 c5 5. Bg2 Nc6 6. Nge2 Be7 7. O-O d6 8. d3 Nf6
9. h3 O-O 10. Be3 Nd7 11. Qd2 Bf6 12. Rad1 Rc8 13. f4 a6 14. b3 Nd4 15. Bf2 h6
16. Nxd4 Bxd4 17. Ne2 e5 18. Nxd4 cxd4 19. f5 Bc6 20. g4 Qg5 21. Qe2 Nf6 22. Be1
h5 23. gxh5 Nxh5 24. Bd2 Qh4 25. Qg4 Qxg4 26. hxg4 Nf6 27. g5 Nd7 28. Kf2 f6 29.
g6 Rfd8 30. Rh1 Kf8 31. Rh7 Nc5 32. Ke2 Rc7 33. Rdh1 Rcd7 34. Bf1 Ke8 35. Bc1
Rb7 36. Rh8+ Kd7 37. Rxd8+ Kxd8 38. Rh8+ Be8 39. Rg8 Ke7 40. Rxg7+ Kf8 41. Rxb7
Nxb7 42. Bh6+ Kg8 43. b4 a5 44. a3 axb4 45. axb4 Ba4 46. Kd2 Nd8 47. Be2 Bd7 48.
Kc2 Nb7 49. Kb3 Bc6 50. Ka3 Nd8 51. Bd1 Be8 52. Ba4 Bc6 53. Kb3 Kh8 54. Ka3 Bb7
55. Bb3 Nc6 56. c5 Ne7 57. cxd6 Ng8 58. Bxg8 Bc6 59. Bf7 Bxe4 60. g7+ Kh7 61.
g8=Q+ Kxh6 62. Qg6# {Black checkmated} 1-0

[Event "Team 45 45 League T84"]
[Site "Internet Chess Club"]
[Date "2020.04.11"]
[Round "2"]
[White "KidRattler"]
[Black "AboardBuffalo"]
[Result "1/2-1/2"]
[WhiteElo "1656"]
[BlackElo "1644"]
[Opening "Grünfeld with e3 & Bd3"]
[ECO "D94"]
[Time "14:31:33"]
[TimeControl "2700+45"]

1. d4 Nf6 2. c4 g6 3. Nc3 d5 4. Nf3 Bg7 5. e3 O-O 6. Bd3 c5 7. cxd5 Nxd5 8. Nxd5
Qxd5 9. e4 Qc6 10. Be3 Bg4 11. Rc1 Nd7 12. Qb3 Bxf3 13. gxf3 Qf6 14. f4 cxd4 15.
Bd2 b6 16. e5 Qh4 17. Be4 Nc5 18. Rxc5 bxc5 19. Bxa8 Rxa8 20. Qb7 Rf8 21. Qxa7
Bxe5 22. Qxc5 Bxf4 23. Rf1 Bxh2 24. a4 Qe4+ 25. Kd1 d3 26. Be3 Qg4+ 27. f3 Qxa4+
28. Kd2 Bd6 29. Qc1 Qb3 30. Bd4 Bf4+ 31. Be3 Bxe3+ 32. Kxe3 Qc2 33. Qxc2 dxc2
34. Kd2 Rc8 35. Rc1 h5 36. b4 h4 37. b5 Rb8 38. f4 Rxb5 39. Rxc2 h3 40. Ke3 Rb3+
41. Ke4 Kg7 42. Rh2 Kf6 43. Rh1 Rb4+ 44. Ke3 Kf5 45. Kf2 Rb3 46. Re1 Kxf4 47.
Kg1 Kg3 48. Kh1 e6 49. Rf1 Rf3 50. Re1 Kg4 51. Kh2 Rf2+ 52. Kg1 Rg2+ 53. Kh1 g5
54. Re4+ Kf5 55. Rf4+ Kg6 56. Rf6+ Kh5 57. Rh6+ Kg4 58. Rh4+ Kf3 59. Rf4+ Ke2
60. Re4+ Kf1 61. Re1+ {Game drawn by mutual agreement} 1/2-1/2